 Dungeon Crawl Stone Soup version 0.18-a0-1702-gd20c6a5 (webtiles) character file.

1123 alfred1011 the Digger (level 8, -2/41 HPs)
             Began as a Gargoyle Earth Elementalist on Apr 6, 2016.
             Slain by a gnoll
             ... wielding a +0 halberd
              (12 damage)
             ... on level 6 of the Dungeon.
             The game lasted 01:12:02 (7379 turns).

alfred1011 the Digger (Gargoyle Earth Elementalist) Turns: 7379, Time: 01:12:03

Health: -2/41      AC:  9    Str: 11    XL:     8   Next: 35%
Magic:  9/33       EV: 17    Int: 19    God:
Gold:   375        SH:  0    Dex: 15    Spells: 4 memorised, 9 levels left

rFire  . . .     SeeInvis .     D - staff of power
rCold  . . .     Gourm    .     f - +0 robe
rNeg   + . .     Faith    .     (no shield)
rPois  ∞         Spirit   .     t - +0 helmet
rElec  +         Dismiss  .     (no cloak)
rCorr  .         Reflect  .     B - +0 pair of gloves
SustAt .         Harm     .     (no boots)
MR     .....                    (no amulet)
Stlth  +++.......               (no ring)
                                (no ring)

@: agile, not resistant to hostile enchantments, fairly stealthy
A: negative energy resistance 1, electricity resistance, unbreathing,
petrification resistance, rot immunity, AC +5
a: no special abilities


You were on level 6 of the Dungeon.
You were very hungry.

You visited 2 branches of the dungeon, and saw 7 of its levels.

You collected 375 gold pieces.

Inventory:

Hand Weapons
 a - a +2 dagger of venom
 i - a +2 falchion of holy wrath
Missiles
 b - 169 stones (quivered)
Armour
 f - a +0 robe (worn)
 t - a +0 helmet (worn)
 u - a +0 buckler
 B - a +0 pair of gloves (worn)
Magical Staves
 D - an uncursed staff of power (weapon)
Jewellery
 r - an uncursed ring of fire
Wands
 k - a wand of disintegration (10/24)
Scrolls
 e - a scroll of enchant weapon {unknown}
 g - 3 scrolls of teleportation {unknown}
 h - a scroll of blinking {unknown}
 j - 2 scrolls of remove curse {unknown}
 l - 4 scrolls of identify {unknown}
 m - a scroll of random uselessness {unknown}
 o - a scroll of amnesia {unknown}
 v - a scroll of fog {unknown}
 w - 2 scrolls of recharging {unknown}
 A - a scroll of vulnerability {unknown}
 F - a scroll of immolation {unknown}
Potions
 p - a potion of invisibility {unknown}
 q - 2 potions of flight {unknown}
 s - a potion of berserk rage
 z - a potion of lignification {unknown}
Books
 c - a book of Geomancy

   Spells                             Type                      Level
   a - Sandblast                      Earth                        1
   b - Passwall                       Transmutation/Earth          2
   c - Stone Arrow                    Conjuration/Earth            3
   d - Petrify                        Transmutation/Earth          4
   e - Lee's Rapid Deconstruction     Earth                        5
 x - the Grimoire of Attacks and Black Magic
   (You found it on level 4 of the Dungeon)

   Spells                             Type                      Level
   a - Shock                          Conjuration/Air              1
   b - Regeneration                   Charms/Necromancy            3
   c - Fulminant Prism                Conjuration/Hexes            4
   d - Agony                          Necromancy                   5
   e - Orb of Destruction             Conjuration                  7
Miscellaneous
 y - a plain deck of changes
Comestibles
 d - 2 bread rations
 n - a beef jerky
 E - 2 fruits


   Skills:
 - Level 1.6 Dodging
 - Level 2.1 Stealth
 * Level 6.6 Spellcasting
 + Level 4.2 Conjurations
 - Level 0.7 Transmutations
 + Level 7.1 Earth Magic


You had 9 spell levels left.
You knew the following spells:

 Your Spells              Type           Power        Failure   Level  Hunger
a - Sandblast             Erth           ####..       1%          1    None
b - Passwall              Trmt/Erth      ###.......   3%          2    None
d - Lee's Rapid Deconstr  Erth           ####......   17%         5    #####..
s - Stone Arrow           Conj/Erth      ####..       3%          3    ##.....


Dungeon Overview and Level Annotations

Branches:
Dungeon (6/15)             Temple (1/1) D:4

Altars:
Cheibriados
Elyvilon
Fedhas
Gozag
Kikubaaqudgha
Makhleb
Nemelex Xobeh
Okawaru
Pakellas
Qazlal
Sif Muna
Trog
Xom
Yredelemnul
Zin
The Shining One


Innate Abilities, Weirdness & Mutations

You are resistant to torment.
Your stone body is resilient (AC +5).
You are immune to poison.
You resist negative energy.
You are resistant to electric shocks.
You can survive without breathing.
You are immune to petrification.
You are immune to rotting.


Message History

Casting: Sandblast
Confirm with . or Enter, or press ? or * to list all spells.
Aiming: Sandblast
Press: ? - help, Shift-Dir - straight line, f/p - gnoll
Aim: a gnoll, wielding a club (heavily wounded)
The blast of sand hits the gnoll.
The gnoll is heavily wounded.
The gnoll hits you with a club.
The gnoll hits you from afar with a halberd!
* * * LOW HITPOINT WARNING * * *
The gnoll closely misses you.
Drink which item? (? for menu, Esc to quit)
You feel better. The gnoll hits you with a club.
* * * LOW HITPOINT WARNING * * *
The gnoll barely misses you.
Drink which item? (? for menu, Esc to quit)
You feel agile all of a sudden. The gnoll barely misses you.
The gnoll misses you.
The gnoll hits you from afar with a halberd!
You die...

... .≈.≈.≈..# #.. ... #.. ....≈#
#.. ..# .. #### ##≈.#####. #..
#.#####..# #.....###. #..##
#..##....## #.......#. #..#
#..#......## #.........
#.†#####..........####.........
##..)..(##...............#####..
#....).......gg@.........# ##.
....####......g..........## #.
...# #...................# ##
#...............)........#
#........#........(......#
#...#####................# #)#
#..#.......###...# ##.
#..#.......# ##..# #..
#..##......## ##..# ##..


You could see 3 gnolls.

Vanquished Creatures
  A sky beast (D:5)
  An ogre (D:5)
  A giant frog (D:3)
  A gnoll sergeant (D:6)
  A howler monkey (D:6)
  A crimson imp (D:6)
  An orc priest (D:5)
  A jelly (D:6)
  3 orc wizards
  An iguana (D:6)
  7 worker ants
  Ijyb (D:3)
  A hound zombie (D:5)
  A howler monkey skeleton (D:4)
  9 adders
  9 gnolls
  4 oozes
  An adder skeleton (D:4)
  An adder zombie (D:3)
  3 worms
  4 dart slugs
  8 giant geckos
  20 orcs
  3 ball pythons
  6 giant cockroaches
  11 goblins
  8 hobgoblins
  12 jackals
  2 quokkas (D:4)
  7 bats
  A giant gecko skeleton (D:5)
  4 giant newts
  13 kobolds
  A quokka skeleton (D:4)
  10 rats
159 creatures vanquished.

Notes
Turn   | Place    | Note
--------------------------------------------------------------
     0 | D:1      | alfred1011 the Gargoyle Earth Elementalist began the quest for the Orb.
     0 | D:1      | Reached XP level 1. HP: 10/10 MP: 3/3
   212 | D:1      | Reached skill level 4 in Earth Magic
   212 | D:1      | Reached XP level 2. HP: 15/15 MP: 3/5
   982 | D:1      | Reached XP level 3. HP: 15/19 MP: 0/6
  1617 | D:2      | Found an iron altar of Okawaru.
  1765 | D:2      | Reached XP level 4. HP: 24/24 MP: 2/8
  2532 | D:2      | Reached skill level 5 in Earth Magic
  2590 | D:3      | Reached XP level 5. HP: 9/28 MP: 3/10
  2800 | D:2      | Learned a level 2 spell: Passwall
  2804 | D:2      | Learned a level 3 spell: Stone Arrow
  3825 | D:3      | Noticed Ijyb
  3836 | D:3      | Killed Ijyb
  3937 | D:3      | Reached XP level 6. HP: 32/32 MP: 7/12
  4005 | D:3      | Reached skill level 1 in Conjurations
  4185 | D:3      | Learned a level 5 spell: Lee's Rapid Deconstruction
  4425 | D:3      | Found a blossoming altar of Fedhas.
  4952 | D:4      | Reached skill level 5 in Spellcasting
  5129 | D:4      | Reached XP level 7. HP: 30/36 MP: 1/14
  5336 | D:4      | Reached skill level 6 in Earth Magic
  5680 | D:4      | Found a sparkling altar of Nemelex Xobeh.
  5742 | D:4      | Identified the Grimoire of Attacks and Black Magic
  5779 | D:4      | Found a staircase to the Ecumenical Temple.
  5785 | Temple   | Entered the Ecumenical Temple
  6080 | D:5      | Entered Level 5 of the Dungeon
  6489 | D:5      | Reached XP level 8. HP: 41/41 MP: 14/17
  7351 | D:6      | Reached skill level 7 in Earth Magic
  7379 | D:6      | Slain by a gnoll

Vault maps used:
D:1:      dpeg_arrival_morbid_curiosity
D:2:      okawaru_ov_weapons_minmay, minivault_24
D:3:      marbit_many_paths, minmay_divided_ellipse, uniq_iyjb
D:4:      nemelex_deck, minmay_temple_entry_enclosed_plants, first_bread,
          minmay_misc_feat_five
D:5:      lemuel_upstairs_altar
D:6:      nicolae_ru_path_of_blood, nicolae_overflow_hidden_temple
Temple:   nicolae_temple_god_jail

Skill      XL: |  1  2  3  4  5  6  7  8 |
---------------+-------------------------+-----
Earth Magic    | 4 5 6 7 |  7.1
Spellcasting   | 3 4 5 6 |  6.6
Conjurations   | 2 3 4 |  4.2
Dodging        | |  1.6
Stealth        | |  2.1
Transmutations | |  0.7

Action                   |  1- 3 |  4- 6 |  7- 9 || total
-------------------------+-------+-------+-------++-------
Melee: Unarmed           |     2 |       |       ||     2
       Dagger            |    23 |    23 |     4 ||    50
       Falchion          |     5 |     8 |       ||    13
 Cast: Sandblast         |    67 |   146 |   115 ||   328
       Passwall          |       |     3 |       ||     3
       Stone Arrow       |       |     4 |    17 ||    21
  Use: Potion            |       |     3 |     2 ||     5
  Eat: Chunk             |     3 |     6 |     2 ||    11
       Bread ration      |       |     1 |     1 ||     2
